 Dungeon Crawl Stone Soup version 0.30.0-20-g3615ddf2f0 (webtiles) character file.

Game seed: 16304173916017013198

4144 qw the Cleaver (level 10, -5/61 (63) HPs)
             Began as a Gargoyle Fighter on May 29, 2023.
             Was a Believer of Okawaru.
             Slain by Psyche
             ... wielding a +0 dagger of chaos
              (8 damage)
             ... on level 8 of the Dungeon.
             The game lasted 00:04:00 (6622 turns).

qw the Cleaver (Gargoyle Fighter)                   Turns: 6622, Time: 00:04:01

HP:   -5/61 (63)    AC:  0    Str: 24    XL:     10   Next: 27%
MP:   11/13         EV: 23    Int:  9    God:    Okawaru [**....]
Gold: 240           SH:  0    Dex: 14    Spells: 9/9 levels left

rFire   + . .        Y - melded +0 war axe (protect)
rCold   + . .        c - melded +0 buckler
rNeg    + . .        g - melded +0 chain mail
rPois   inf          e - melded +2 hood of the Assassin {Detect Stab+ Stlth++}
rElec   +            t - melded +2 cloak
rCorr   +            j - melded +2 pair of gloves
SInv    .            (boots currently unavailable)
Will    .....        h - amulet of regeneration
Stlth   +            a - melded ring of protection from fire
HPRegen 1.10/turn    k - melded ring of see invisible
MPRegen 0.13/turn

%: no passive effects
@: agile, bat-form, resistant, flying, lightly drained, very quick
A: fast, flying, no casting, sickness immunity, AC +7, tiny, negative energy
resistance 1, (electricity resistance), torment resistance 1, petrification
resistance
a: Renounce Religion, Heroism


You were on level 8 of the Dungeon.
You worshipped Okawaru.
Okawaru was pleased with you.
You were a bat.
You visited 2 branches of the dungeon, and saw 9 of its levels.
You also visited: Ossuary.

You collected 567 gold pieces.
You spent 327 gold pieces at shops.


Innate Abilities, Weirdness & Mutations

You are a bat.
You are tiny and dextrous.
You move quickly.
You are flying.
Your equipment is almost entirely melded.
You are incapable of wielding weapons or throwing items.
You cannot cast spells.
You are immune to sickness and miasma.
((Your stone body is resilient. (AC +7)))
You are immune to poison.
You resist negative energy. (rN+)
((You are resistant to electric shocks. (rElec)))
You are resistant to unholy torment.
You are immune to petrification.


   Skills:
 - Level 7.3 Fighting
 - Level 10.0 Axes
 - Level 2.8 Throwing
 - Level 5.2 Armour
 + Level 1.6 Dodging
 - Level 5.6 Shields
 - Level 4.0 Invocations


You had 9 spell levels left.
You didn't know any spells.
Your spell library was empty.

Inventory:

Hand Weapons
 u - a +2 morningstar of protection
 Y - a +0 war axe of protection (melded)
Armour
 c - a +0 buckler (melded)
 e - the +2 hood of the Assassin (melded) {Detect Stab+ Stlth++}
   (You acquired it on level 3 of the Dungeon)

   Detect:    It allows the wearer to sense nearby creatures.
   Stab+:     It allows the wearer to make particularly effective stabbing
   attacks against helpless or unaware enemies with any weapon.
   Stlth:     It makes you much more stealthy.
 g - a +0 chain mail (melded)
 j - a +2 pair of gloves (melded)
 t - a +2 cloak (melded)
 x - a +0 kite shield
Jewellery
 a - a ring of protection from fire (melded)
 f - a ring of fire
 h - an amulet of regeneration (around neck)
 k - a ring of see invisible (melded)
 r - a ring of positive energy
 w - a ring of ice
Wands
 q - a wand of digging (6)
Scrolls
 i - 5 scrolls of identify
 y - a scroll of enchant weapon {unknown}
Potions
 b - a potion of cancellation
 d - 2 potions of might
 l - 2 potions of attraction
 m - 2 potions of curing
 n - 2 potions of resistance
 o - 4 potions of heal wounds
 p - 4 potions of haste
 v - 2 potions of mutation

Dungeon Overview and Level Annotations

Branches:
Dungeon (8/15)             Temple (1/1) D:5         Ossuary (visited)
   Lair: D:8-11

Altars:
Ashenzari
Cheibriados
Dithmenos
Elyvilon
Fedhas
Gozag
Hepliaklqana
Kikubaaqudgha
Makhleb
Nemelex Xobeh
Okawaru
Qazlal
Sif Muna
Trog
Uskayaw
Vehumet
Wu Jian
Xom
Yredelemnul
Zin
The Shining One

Shops:
D:4 ?   D:6 ?*[**

Annotations:
D:8 Psyche


Message History

You hear some strange, mumbled words.
A swirling arc of seething chaos appears!
An arc of chaos appears from out of thin air!
The arc of chaos hits you but does no damage.
You resist.
You hit something but do no damage.
You hear some strange, mumbled words.
A swirling arc of seething chaos appears!
An arc of chaos appears from out of thin air!
The arc of chaos hits you. You partially resist.
You feel drained. The arc of chaos hits you. You partially resist.
You feel drained.
You hit something but do no damage. Something misses you.
You miss something.
You hear some strange, mumbled words.
A swirling arc of seething chaos appears!
An arc of chaos appears from out of thin air!
The arc of chaos hits you. You resist.
You miss something. Something hits you! Something freezes you.
You closely miss something. Something closely misses you.
You hit something but do no damage.
You hear some strange, mumbled words.
You hit something. Something misses you.
You hit something. Something barely misses you.
You hit something but do no damage.
You hear some strange, mumbled words.
You closely miss something. Something hits you!
You feel your power leaking away.
You hit something but do no damage. Something closely misses you.
Something hits you! Something freezes you.
You miss something. Something hits you.
You hit something. Something hits you!
You die...

#.#..)..........#
#.#.#)####.########
##..)#####.#......#
.########.###..(...####.#
..........###......## #.#
.#######............# #.#
######..>....###.##
.#######...........<....
......{b.####.###.###.##
(######### #:# #.# #.#
#.# #.# #.# #.# #.###.##
#.# #.##.#.. #.# #.###.##
#.# #.###### #.# #.....<.
###.###..#####


There were no monsters in sight!

Vanquished Creatures
  Pikel (D:7)
  A wyvern (D:7)
  6 yaks (D:8)
  A steam dragon (D:7)
  2 water moccasins
  A sky beast (D:7)
  2 black bears
  An ice beast (D:8)
  2 ogres
  A phantom (D:5)
  A lemure (D:7)
  A kobold brigand (D:8)
  3 gnoll sergeants (D:8)
  5 scorpions
  3 wights (D:7)
  A howler monkey (D:4)
  3 centaur zombies (Ossuary)
  A hound (D:5)
  2 human zombies (Ossuary)
  2 orc priests (D:7)
  3 jellies
  3 sleepcaps
  5 iguanas
  3 orc wizards
  2 scorpion zombies (Ossuary)
  A mummy (Ossuary)
  4 adders
  19 gnolls
  A shadow imp (D:6)
  3 white imps
  An ufetubus (D:7)
  4 worms
  A dart slug (D:2)
  21 orcs
  5 endoplasms
  2 giant cockroaches
  4 gnoll zombies (Ossuary)
  7 hobgoblins
  7 jackals
  10 kobolds
  11 ball pythons
  7 bats
  7 frilled lizards
  10 goblins
  A goblin zombie (Ossuary)
  2 hobgoblin zombies (Ossuary)
  2 kobold zombies (Ossuary)
  4 rats
190 creatures vanquished.

Vanquished Creatures (others)
  A white imp (D:8)
  An orc (D:4)
2 creatures vanquished.

Grand Total: 192 creatures vanquished

Notes
Turn   | Place    | Note
-------+----------+-------------------------------------------
     0 | D:1      | qw the Gargoyle Fighter began the quest for the Orb.
     0 | D:1      | Reached XP level 1. HP: 14/14 MP: 1/1
     0 | D:1      | 0 ||| qw: Version: 0.2-a-101-gf424e7f
     0 | D:1      | 0 ||| qw: Game counter: 331
     0 | D:1      | 0 ||| qw: Always use a shield: true
     0 | D:1      | 0 ||| qw: God list: Okawaru
     0 | D:1      | 0 ||| qw: Allow faded altars: false
     0 | D:1      | 0 ||| qw: Do Orc after D:15 true
     0 | D:1      | 0 ||| qw: Do second Lair branch before Depths: true
     0 | D:1      | 0 ||| qw: Lair rune preference: random
     0 | D:1      | 0 ||| qw: Plans: Normal, Zot:1-4, Slime:5, God:TSO, Crypt,
                  | Tomb, Pan, Hells, Abyss, Win
     0 | D:1      | 0 ||| PLANNING D:1-11
    41 | D:1      | Reached skill level 2 in Axes
    69 | D:1      | Reached XP level 2. HP: 19/19 MP: 2/2
   172 | D:1      | 172 ||| Stepping ~*~*~tactically~*~*~ (stealth).
   173 | D:1      | 173 ||| Stepping ~*~*~tactically~*~*~ (stealth).
   190 | D:1      | Reached skill level 3 in Axes
   258 | D:1      | 258 ||| Stepping ~*~*~tactically~*~*~ (stealth).
   272 | D:1      | Reached XP level 3. HP: 23/23 MP: 3/3
   321 | D:1      | 321 ||| Stepping ~*~*~tactically~*~*~ (stealth).
   390 | D:1      | Found a faded altar of an unknown god.
   429 | D:1      | 429 ||| READING scroll labelled ASSAPL BOVEB.
   434 | D:1      | 434 ||| READING scroll labelled EHOFUH IFEM.
   435 | D:1      | 435 ||| READING 3 scrolls labelled BEMIOTIXZOS.
   436 | D:1      | 436 ||| READING scroll labelled SIOGAOG ZOTUTU.
   437 | D:1      | 437 ||| READING 2 scrolls of identify.
   437 | D:1      | 437 ||| IDENTIFYING smoky golden potion
   438 | D:1      | 438 ||| DROPPING potion of berserk rage.
   487 | D:2      | 487 ||| Stepping ~*~*~tactically~*~*~ (hiding).
   578 | D:2      | 578 ||| Stepping ~*~*~tactically~*~*~ (stealth).
   637 | D:2      | 637 ||| Stepping ~*~*~tactically~*~*~ (stealth).
   638 | D:2      | 638 ||| Stepping ~*~*~tactically~*~*~ (stealth).
   671 | D:2      | 671 ||| DROPPING +0 club.
   687 | D:2      | 687 ||| DROPPING +0 whip.
   969 | D:2      | Reached XP level 4. HP: 26/28 MP: 4/4
  1018 | D:2      | 1018 ||| UPGRADING to +1 hat.
  1023 | D:2      | 1023 ||| UPGRADING to ring of protection from fire.
  1024 | D:2      | 1024 ||| READING scroll labelled WYPULU ZAZADGHA.
  1025 | D:2      | 1025 ||| READING scroll labelled UKHLEG AKOUVIGU.
  1026 | D:2      | 1026 ||| READING scroll labelled DIHEABA SENIRGH.
  1027 | D:2      | 1027 ||| READING scroll labelled ERRIUL BUROUQ.
  1028 | D:2      | 1028 ||| DRINKING 2 green potions.
  1029 | D:2      | 1029 ||| READING 3 scrolls of identify.
  1029 | D:2      | 1029 ||| IDENTIFYING fizzy dark potion
  1030 | D:2      | 1030 ||| READING 2 scrolls of identify.
  1030 | D:2      | 1030 ||| IDENTIFYING viscous emerald potion
  1031 | D:2      | 1031 ||| DROPPING potion of ambrosia.
  1355 | D:3      | Reached skill level 4 in Axes
  1529 | D:3      | Reached XP level 5. HP: 20/32 MP: 5/5
  1706 | D:3      | 1706 ||| Stepping ~*~*~tactically~*~*~ (stealth).
  1745 | D:3      | 1745 ||| DROPPING +1 whip of flaming.
  1826 | D:3      | 1826 ||| UPGRADING to +0 pair of gloves.
  1831 | D:3      | 1831 ||| DROPPING ring of flight.
  1832 | D:3      | 1832 ||| UPGRADING to ring of see invisible.
  1833 | D:3      | 1833 ||| READING scroll labelled QASMYE ROMITS.
  1833 | D:3      | Identified a scroll of acquirement
  1833 | D:3      | 1833 ||| ACQUIRING +2 hood of the Assassin {Detect Stab+
                  | Stlth++}
  1833 | D:3      | Acquired the +2 hood of the Assassin {Detect Stab+ Stlth++}
  1833 | D:3      | Found the +2 hood of the Assassin {Detect Stab+ Stlth++}
  1835 | D:3      | 1835 ||| UPGRADING to +2 hood of the Assassin {Detect Stab+
                  | Stlth++}.
  1845 | D:3      | 1845 ||| DROPPING +1 hat.
  1846 | D:3      | 1846 ||| READING scroll labelled UNANUX GOULOLIOMP.
  1847 | D:3      | 1847 ||| DRINKING 3 fizzy grey potions.
  1848 | D:3      | 1848 ||| READING 2 scrolls of identify.
  1848 | D:3      | 1848 ||| IDENTIFYING golden potion
  1875 | D:4      | 1875 ||| PLANNING OSSUARY
  1939 | D:4      | 1939 ||| Stepping ~*~*~tactically~*~*~ (stealth).
  1942 | D:4      | 1942 ||| Stepping ~*~*~tactically~*~*~ (stealth).
  1945 | D:4      | 1945 ||| Stepping ~*~*~tactically~*~*~ (stealth).
  1952 | D:4      | Reached skill level 5 in Axes
  1952 | D:4      | 1952 ||| FLEEEEING.
  1968 | D:4      | 1968 ||| Stepping ~*~*~tactically~*~*~ (stealth).
  1969 | D:4      | 1969 ||| Stepping ~*~*~tactically~*~*~ (stealth).
  1970 | D:4      | 1970 ||| Stepping ~*~*~tactically~*~*~ (stealth).
  1971 | D:4      | 1971 ||| Stepping ~*~*~tactically~*~*~ (stealth).
  1972 | D:4      | 1972 ||| Stepping ~*~*~tactically~*~*~ (stealth).
  1991 | D:4      | 1991 ||| Stepping ~*~*~tactically~*~*~ (stealth).
  1995 | D:4      | 1995 ||| Stepping ~*~*~tactically~*~*~ (stealth).
  2024 | D:4      | 2024 ||| Stepping ~*~*~tactically~*~*~ (hiding).
  2149 | D:4      | 2149 ||| Stepping ~*~*~tactically~*~*~ (stealth).
  2189 | D:4      | 2189 ||| Stepping ~*~*~tactically~*~*~ (stealth).
  2191 | D:4      | 2191 ||| Stepping ~*~*~tactically~*~*~ (stealth).
  2193 | D:4      | 2193 ||| Stepping ~*~*~tactically~*~*~ (stealth).
  2201 | D:4      | Reached XP level 6. HP: 38/38 MP: 6/6
  2220 | D:4      | 2220 ||| READING scroll of enchant armour.
  2220 | D:4      | 2220 ||| ENCHANTING +0 pair of gloves.
  2294 | D:4      | Found a sand-covered staircase.
  2295 | D:4      | 2295 ||| UPGRADING to +0 chain mail.
  2305 | D:4      | 2305 ||| DROPPING +0 scale mail.
  2306 | D:4      | 2306 ||| READING 2 scrolls of identify.
  2306 | D:4      | 2306 ||| IDENTIFYING emerald potion
  2307 | D:4      | 2307 ||| DROPPING potion of degeneration.
  2311 | Ossuary  | Entered an ossuary
  2379 | Ossuary  | Reached skill level 6 in Axes
  2408 | Ossuary  | Reached skill level 1 in Dodging
  2408 | Ossuary  | Reached XP level 7. HP: 43/43 MP: 7/7
  2552 | Ossuary  | 2552 ||| Stepping ~*~*~tactically~*~*~ (stealth).
  2553 | Ossuary  | 2553 ||| READING 2 scrolls of identify.
  2553 | Ossuary  | 2553 ||| IDENTIFYING fuming pink potion
  2566 | Ossuary  | Reached skill level 7 in Axes
  2601 | D:4      | 2601 ||| PLANNING D:1-11
  2618 | D:4      | Found Hyest's Magic Scroll Boutique.
  2628 | D:4      | 2628 ||| BUYING scroll of enchant armour (90 gold).
  2628 | D:4      | Bought a scroll of enchant armour for 90 gold pieces
  2628 | D:4      | 2628 ||| BUYING scroll of enchant armour (90 gold).
  2628 | D:4      | Bought a scroll of enchant armour for 90 gold pieces
  2628 | D:4      | 2628 ||| SHOPLISTING scroll of identify (24 gold, have 17).
  2628 | D:4      | 2628 ||| READING 2 scrolls of enchant armour.
  2628 | D:4      | 2628 ||| ENCHANTING +1 pair of gloves.
  3236 | D:4      | 3236 ||| READING scroll labelled QOGUSCH JISY.
  3258 | D:5      | Entered Level 5 of the Dungeon
  3323 | D:5      | Reached XP level 8. HP: 46/49 MP: 8/8
  3428 | D:5      | Found a staircase to the Ecumenical Temple.
  3429 | D:5      | 3429 ||| PLANNING TEMPLE
  3436 | Temple   | Entered the Ecumenical Temple
  3508 | Temple   | 3508 ||| PLANNING D:1-11
  3586 | D:5      | Reached skill level 8 in Axes
  3665 | D:5      | Reached skill level 1 in Throwing
  3799 | D:5      | Found a hazy altar of Hepliaklqana.
  3868 | D:5      | 3868 ||| DROPPING +0 flail.
  4080 | D:5      | 4080 ||| DROPPING ring of wizardry.
  4216 | D:6      | Found Fyhe's Antique Armour Emporium.
  4225 | D:6      | 4225 ||| SHOPLISTING pair of boots (130 gold, have 100).
  4225 | D:6      | 4225 ||| SHOPLISTING shiny chain mail (217 gold, have 100).
  4258 | D:6      | Found Enuabli's Assorted Antiques.
  4260 | D:6      | Found Ehibo Modu's Magic Scroll Boutique.
  4267 | D:6      | 4267 ||| BUYING crooked iron wand (64 gold).
  4267 | D:6      | Bought a crooked iron wand for 64 gold pieces
  4267 | D:6      | 4267 ||| SHOPLISTING potion of haste (160 gold, have 68).
  4267 | D:6      | 4267 ||| BUYING scroll of identify (32 gold).
  4267 | D:6      | Bought a scroll of identify for 32 gold pieces
  4273 | D:6      | 4273 ||| BUYING scroll of identify (24 gold).
  4273 | D:6      | Bought a scroll of identify for 24 gold pieces
  4273 | D:6      | 4273 ||| SHOPLISTING scroll of identify (24 gold, have 12).
  4273 | D:6      | 4273 ||| SHOPLISTING scroll of teleportation (36 gold, have
                  | 12).
  4353 | D:6      | Found a burning altar of Makhleb.
  4362 | D:6      | Found Xoeneot's Assorted Antiques.
  4365 | D:6      | Found Kaqegg's Assorted Antiques.
  4368 | D:6      | 4368 ||| SHOPLISTING ring of protection from fire (675
                  | gold, have 28).
  4368 | D:6      | 4368 ||| BUYING scroll labelled QARPHAG YDUSIO (27 gold).
  4368 | D:6      | Bought a scroll labelled QARPHAG YDUSIO for 27 gold pieces
  4373 | D:6      | 4373 ||| SHOPLISTING lumpy ruby potion (18 gold, have 1).
  4373 | D:6      | 4373 ||| SHOPLISTING potion of attraction (63 gold, have
                  | 1).
  4373 | D:6      | 4373 ||| SHOPLISTING potion of curing (63 gold, have 1).
  4373 | D:6      | 4373 ||| SHOPLISTING scroll labelled NIHAEDD AJEIN (21
                  | gold, have 1).
  4373 | D:6      | 4373 ||| SHOPLISTING scroll of identify (42 gold, have 1).
  4509 | D:6      | Found a shimmering altar of Xom.
  4512 | D:6      | Identified the +0 ring mail of Vejiop {Int+2}
  4747 | D:6      | Found an ancient bone altar of Kikubaaqudgha.
  4860 | D:6      | 4860 ||| UPGRADING to +0 cloak.
  4865 | D:6      | 4865 ||| DROPPING orb of mayhem.
  4866 | D:6      | 4866 ||| DROPPING +0 ring mail of Vejiop {Int+2}.
  4867 | D:6      | 4867 ||| READING scroll of enchant armour.
  4867 | D:6      | 4867 ||| ENCHANTING +0 cloak.
  4868 | D:6      | 4868 ||| READING scroll labelled QARPHAG YDUSIO.
  4902 | D:6      | 4902 ||| DRINKING 2 clear potions.
  4903 | D:6      | 4903 ||| READING 4 scrolls of identify.
  4903 | D:6      | 4903 ||| IDENTIFYING bubbling orange potion
  4904 | D:6      | 4904 ||| DROPPING wand of polymorph (6).
  4905 | D:6      | 4905 ||| DROPPING potion of brilliance.
  4969 | D:7      | Found an iron altar of Okawaru.
  4970 | D:7      | 4970 ||| PLANNING OKAWARU WORSHIP
  4979 | D:7      | Became a worshipper of Warmaster Okawaru
  4979 | D:7      | 4979 ||| PLANNING D:1-11
  5016 | D:7      | Noticed a wyvern
  5021 | D:7      | Killed a wyvern
  5025 | D:7      | 5025 ||| Stepping ~*~*~tactically~*~*~ (hiding).
  5028 | D:7      | 5028 ||| Stepping ~*~*~tactically~*~*~ (hiding).
  5029 | D:7      | 5029 ||| Stepping ~*~*~tactically~*~*~ (hiding).
  5161 | D:7      | Reached skill level 6 in Fighting
  5161 | D:7      | Reached XP level 9. HP: 56/56 MP: 9/9
  5253 | D:7      | 5253 ||| FLEEEEING.
  5254 | D:7      | 5254 ||| FLEEEEING.
  5255 | D:7      | 5255 ||| FLEEEEING.
  5444 | D:7      | Reached * piety under Okawaru
  5445 | D:7      | 5445 ||| INVOKING Heroism.
  5458 | D:7      | 5458 ||| DRINKING 4 potions of curing.
  5458 | D:7      | 5458 ||| (to cure confusion)
  5464 | D:7      | Reached skill level 1 in Invocations
  5465 | D:7      | Reached skill level 9 in Axes
  5541 | D:7      | Noticed Pikel
  5541 | D:7      | 5541 ||| INVOKING Heroism.
  5554 | D:7      | 5554 ||| INVOKING Heroism.
  5560 | D:7      | Killed Pikel
  5667 | D:7      | Found a stormy altar of Qazlal.
  5918 | D:7      | 5918 ||| INVOKING Heroism.
  6050 | D:7      | Found a glowing silver altar of Zin.
  6217 | D:7      | 6217 ||| UPGRADING to amulet of regeneration.
  6273 | D:8      | 6273 ||| Stepping ~*~*~tactically~*~*~ (hiding).
  6274 | D:8      | 6274 ||| Stepping ~*~*~tactically~*~*~ (hiding).
  6301 | D:8      | 6301 ||| INVOKING Heroism.
  6305 | D:8      | Reached skill level 3 in Invocations
  6315 | D:8      | Reached ** piety under Okawaru
  6316 | D:8      | Reached XP level 10. HP: 41/63 MP: 10/13
  6320 | D:8      | 6320 ||| DRINKING 4 potions of curing.
  6320 | D:8      | 6320 ||| (to cure confusion)
  6322 | D:8      | 6322 ||| INVOKING Heroism.
  6324 | D:8      | 6324 ||| DRINKING 3 potions of curing.
  6324 | D:8      | 6324 ||| (to cure confusion)
  6446 | D:8      | Reached skill level 10 in Axes
  6495 | D:8      | 6495 ||| READING scroll of enchant armour.
  6495 | D:8      | 6495 ||| ENCHANTING +1 cloak.
  6587 | D:8      | Noticed Psyche
  6588 | D:8      | 6588 ||| INVOKING Heroism.
  6600 | D:8      | 6600 ||| Stepping randomly (disturbance).
  6620 | D:8      | HP: 9/61 [something (10)]
  6621 | D:8      | HP: 2/61 [something (6)]
  6622 | D:8      | Slain by Psyche

Levels and vault maps discovered:
D:1:      lightli_iron_boxes, layout_rooms, dilly_ecumenical_altar_fadedgnrine,
          minmay_misc_feat_chi
D:2:      layout_rooms
D:3:      kennysheep_six_static_rooms, layout_basic
D:4:      layout_basic, serial_shops, nicolae_lakefront_shop,
          lightli_ossuary_entry_decrepit_ruins, lemuel_flame_loot_1
D:5:      layout_loops_ring, nzn_hepliaklqana_mist_gate,
          minmay_temple_entry_slanted
D:6:      layout_rooms, kiku_gazebo_garden_becter, amcnicky_altar_gilded,
          tgw_xom, serial_shops, shop, shop, shop,
          nicolae_shop_tiny_statue_garden, shop, chequers_serial_rivers_small_3,
          grunt_ministairs_13
D:7:      layout_layer_cave, zin_scriptorium, overflow_temple_1_default,
          nicolae_qazlal_style_of_elements, uniq_pikel
D:8:      layout_loops_ring, uniq_psyche
Temple:   nicolae_temple_great_sept

Skill      XL: |  1  2  3  4  5  6  7  8  9 10 |
---------------+-------------------------------+-----
Axes           | 2 3 4 5 6 7 8 9 10 | 10.0
Fighting       | 4 5 6 7 |  7.3
Dodging        | 1 |  1.6
Throwing       | 2 |  2.8
Armour         | 4 5 |  5.2
Invocations    | 4 |  4.0
Shields        | 5 |  5.6

Action                     |  1- 3 |  4- 6 |  7- 9 | 10-12 || total
---------------------------+-------+-------+-------+-------++-------
  Melee: War axe           |   128 |   151 |   291 |    59 ||   629
         Unarmed           |       |       |       |    14 ||    14
  Throw: Javelin           |       |       |    34 |     2 ||    36
 Invoke: Heroism           |       |       |     5 |     2 ||     7
    Use: Scroll            |     5 |    11 |     6 |     1 ||    23
         Potion            |       |     2 |     2 |     2 ||     6
 Armour: Scale mail        |    71 |    57 |       |       ||   128
         Chain mail        |       |    37 |   236 |    60 ||   333
  Dodge: Dodged            |    62 |    52 |   128 |    35 ||   277
  Block: Buckler           |    29 |    28 |    60 |    26 ||   143

Table legend:
 A = Non-vault XP
 B = Vault XP
 C = Vault XP percentage of total XP
 D = Non-vault monster count
 E = Vault monster count
 F = Vault count percentage of total count
                 A         B        C        D         E       F
            +---------+---------+-------+---------+---------+-------
      Total |    4542 |    1379 |  23.3 |     156 |      33 |  17.5
            +---------+---------+-------+---------+---------+-------
        D:1 |      43 |       0 |   0.0 |      26 |       0 |   0.0
        D:2 |      39 |       0 |   0.0 |      21 |       0 |   0.0
        D:3 |     107 |      10 |   8.5 |      19 |       6 |  24.0
        D:4 |     170 |       0 |   0.0 |      19 |       0 |   0.0
        D:5 |     687 |       0 |   0.0 |      18 |       0 |   0.0
        D:6 |     237 |     114 |  32.5 |       4 |       5 |  55.6
        D:7 |    1387 |     607 |  30.4 |      19 |       1 |   5.0
        D:8 |    1872 |       0 |   0.0 |      30 |       0 |   0.0
    Ossuary |       0 |     648 | 100.0 |       0 |      21 | 100.0
            +---------+---------+-------+---------+---------+-------
